Map: [ESL] Hard Lead

Players

HeroMarine - Winner!

  • Race: Terran Terran
  • Spawn Location: 11:00

Elazer

  • Race: Zerg Zerg
  • Spawn Location: 5:00

Event: ESL SC2 Masters 2023 Winter (Regional)

VOD

Have the link to the VOD?

Description

Time

  • Played on: Nov. 16, 2023, 11:50 a.m.
  • Length: 16:13

All games in this series

Show
View Real Time Build Order
Export as new Build Order

HeroMarine Terran - Winner!

Build Orders: Reaper Expand, Hellion Banshee, Mech 

Get SALT Encoding   

  12  0:00  SCV  
  13  0:12  SCV  
  14  0:17  Supply Depot  
  14  0:24  SCV  
  15  0:39  SCV  
  15  0:40  Barracks  
  16  0:43  Refinery  
  16  0:51  SCV  
  17  1:03  SCV  
  18  1:15  SCV  
  19  1:26  Reaper  
  19  1:27  Orbital Command  
  20  1:38  Command Center  
  20  1:47  Supply Depot  
  20  1:52  SCV  
  21  1:58  Marine  
  22  2:04  SCV  
  23  2:10  Factory  
  23  2:16  SCV  
  23  2:20  Barracks Reactor  
  24  2:28  SCV  
  25  2:35  Command Center  
  25  2:41  SCV  
  26  2:51  Orbital Command  
  26  2:53  SCV  
  27  2:59  Starport  
  27  3:05  SCV  
  28  3:06  Refinery  
  28  3:08  Hellion  
  28  3:11  Hellion  
  32  3:14  Barracks Tech Lab  
  32  3:17  SCV x2  
  34  3:29  Hellion, SCV x2  
  34  3:33  Hellion  
  40  3:41  SCV  
  40  3:42  Banshee, SCV  
  45  3:49  Orbital Command  
  45  3:54  Hellion x2  
  49  3:56  SCV x2  
  49  3:58  Cloaking Field  
  49  4:01  Supply Depot  
  51  4:08  SCV x2  
  53  4:16  Hellion x2  
  57  4:17  SCV  
  57  4:20  SCV x2  
  57  4:23  Supply Depot  
  60  4:26  Banshee  
  60  4:29  SCV  
  60  4:30  Supply Depot  
  64  4:32  SCV x2  
  64  4:37  Hellion  
  68  4:44  Hellion, SCV x2  
  72  4:46  Supply Depot  
  72  4:49  SCV  
  72  4:50  Refinery x2  
  73  4:53  Supply Depot  
  73  4:57  SCV  
  73  4:58  Factory, SCV  
  73  4:59  Factory, Hyperflight Rotors  
  75  5:01  SCV  
  75  5:03  Hellion  
  75  5:06  Hellion  
  80  5:09  SCV  
  80  5:11  SCV  
  80  5:13  Orbital Command  
  82  5:21  SCV  
  83  5:23  Supply Depot, SCV  
  83  5:25  Supply Depot  
  83  5:27  Banshee  
  83  5:28  Hellion  
  89  5:29  Hellion  
  89  5:33  SCV  
  92  5:37  SCV  
  92  5:42  SCV  
  90  5:45  SCV  
  90  5:46  Factory Tech Lab  
  90  5:47  Factory Tech Lab  
  90  5:49  Hellion, SCV  
  94  5:51  Hellion  
  94  5:54  SCV  
  97  5:57  SCV  
  97  6:01  SCV  
  99  6:06  SCV  
  99  6:07  Infernal Pre-Igniter  
  99  6:08  Cyclone x2, Hurricane Engines  
  99  6:09  SCV  
  105  6:12  Banshee  
  105  6:13  SCV  
  110  6:18  SCV  
  110  6:20  Refinery x2  
  110  6:21  SCV  
  110  6:22  Supply Depot  
  110  6:24  Hellion  
  110  6:25  Hellion, SCV  
  115  6:30  SCV  
  117  6:38  Factory  
  117  6:39  Factory  
  117  6:43  Cyclone x2, SCV x2  
  117  6:46  Hellion x2  
  123  6:50  SCV  
  115  6:55  SCV x2  
  101  7:02  SCV  
  101  7:06  Command Center  
  101  7:07  Cyclone x2, SCV x2  
  108  7:10  Armory  
  108  7:11  Banshee, Armory  
  108  7:14  SCV  
  116  7:16  Hellion x2  
  116  7:21  Factory Reactor x2  
  116  7:23  SCV  
  116  7:25  SCV  
  116  7:26  Supply Depot x2  
  116  7:27  Supply Depot, Engineering Bay  
  122  7:44  Cyclone  
  122  7:46  Siege Tank, Cyclone  
  122  7:47  Siege Tank  
  129  7:51  SCV x2  
  129  7:52  SCV, Supply Depot  
  129  7:53  Supply Depot  
  129  7:55  Banshee  
  134  8:00  Sensor Tower  
  134  8:01  Cyclone x2  
  134  8:02  Hellion x2  
  142  8:06  Terran Vehicle Weapons Level 1  
  142  8:08  Terran Vehicle And Ship Armor Level 1  
  142  8:18  Cyclone x2  
  148  8:20  Hellion x2  
  148  8:24  Hellion x2  
  148  8:25  SCV  
  148  8:26  SCV  
  148  8:27  SCV  
  157  8:33  Hellion x2  
  161  8:37  Refinery  
  161  8:39  Refinery  
  161  8:41  Raven, Cyclone x2, Missile Turret  
  164  8:45  Hellion x2  
  164  8:48  Factory x2  
  164  8:50  Hellion, SCV x3  
  159  8:56  Cyclone x2  
  159  8:58  Hellion  
  159  9:02  Planetary Fortress, SCV  
  166  9:05  SCV x2  
  166  9:06  Hellion  
  170  9:14  SCV  
  170  9:15  Cyclone x2  
  170  9:16  Cyclone  
  170  9:17  Cyclone  
  179  9:20  Cyclone  
  179  9:21  Supply Depot x2  
  181  9:30  Command Center  
  181  9:38  Cyclone x3  
  185  9:39  Factory Tech Lab, Factory Reactor  
  187  9:47  Cyclone  
  187  9:48  Siege Tank, Cyclone  
  187  9:49  Siege Tank  
  199  9:53  Hellion  
  199  9:59  Cyclone  
  180  10:10  Hellion x2  
  180  10:11  Hellion  
  180  10:12  Terran Vehicle Weapons Level 2, Terran Vehicle And Ship Armor Level 2  
  180  10:14  Cyclone  
  181  10:18  Hellion  
  181  10:20  Hellion x2, Cyclone x2  
  184  10:21  Hellion  
  175  10:30  Command Center  
  175  10:32  Cyclone x2, Hellion x2  
  179  10:39  Cyclone  
  179  10:41  Cyclone  
  179  10:42  Cyclone x2  
  178  10:46  Cyclone  
  158  10:52  Cyclone x2  
  158  10:53  Hellion x2  
  137  11:04  Hellion x2  
  137  11:11  Cyclone  
  137  11:12  SCV  
  137  11:13  SCV  
  137  11:14  Cyclone, Hellion, SCV x2  
  147  11:19  Cyclone  
  147  11:22  Siege Tank  
  147  11:23  Siege Tank x2  
  147  11:25  SCV x2  
  156  11:26  SCV x2  
  156  11:28  Planetary Fortress  
  156  11:32  Cyclone  
  160  11:35  Raven  
  160  11:37  SCV x2  
  160  11:38  SCV x2  
  160  11:39  Cyclone  
  164  11:40  Cyclone  
  164  11:43  Cyclone  
  168  11:48  Cyclone  
  168  11:49  Hellion, SCV  
  168  11:52  Cyclone  
  168  11:53  Hellion  
  175  12:03  Cyclone  
  175  12:06  Hellion x2  
  175  12:08  Hellion  
  177  12:10  Cyclone  
  179  12:16  Factory  
  179  12:17  Refinery  
  179  12:18  Refinery  
  179  12:26  Cyclone  
  179  12:27  Siege Tank  
  179  12:29  Siege Tank  
  183  12:30  Cyclone  
  183  12:31  Cyclone  
  183  12:33  Cyclone x2  
  183  12:36  Siege Tank  
  188  12:41  Cyclone  
  188  12:42  Cyclone  
  190  12:47  Terran Vehicle Weapons Level 3  
  190  12:50  Terran Vehicle And Ship Armor Level 3  
  188  12:56  Planetary Fortress  
  188  12:57  Cyclone  
  190  12:59  Siege Tank  
  190  13:01  Cyclone  
  190  13:03  Factory Reactor  
  195  13:07  Siege Tank  
  195  13:08  Cyclone  
  200  13:13  Refinery  
  200  13:14  Refinery  
  198  13:21  Viking  
  178  13:34  Cyclone x2  
  178  13:38  Cyclone x2  
  178  13:39  Cyclone x2  
  174  13:46  Cyclone x2  
  174  13:48  Cyclone x4  
  171  13:52  Cyclone  
  164  14:02  Viking  
  159  14:06  Cyclone x2  
  159  14:07  Command Center  
  153  14:10  Cyclone x2  
  153  14:11  Cyclone x2  
  147  14:18  Cyclone x2  
  147  14:19  Factory  
  147  14:20  Cyclone x4  
  159  14:24  Cyclone  
  161  14:35  Raven  
  163  14:38  Cyclone x2  
  163  14:39  Factory  
  163  14:42  Cyclone x2  
  163  14:43  Cyclone x2  
  163  14:44  Sensor Tower  
  175  14:50  Cyclone  
  175  14:51  Cyclone  
  175  14:52  Cyclone x3  
  182  14:53  Cyclone  
  182  14:59  Cyclone, SCV x2  
  180  15:04  Factory Reactor  
  180  15:06  SCV  
  181  15:10  Cyclone, SCV x2  
  181  15:11  Cyclone  
  185  15:14  Cyclone x2  
  185  15:15  Cyclone  
  185  15:17  Cyclone  
  185  15:23  Cyclone x2  
  185  15:24  Siege Tank  
  185  15:25  Siege Tank  
  185  15:27  Cyclone x2  
  199  15:28  Factory Reactor  
  199  15:36  Cyclone  
  199  15:37  Missile Turret, SCV  
  199  15:38  Refinery x2  
  199  15:39  SCV  
  198  15:43  SCV  
  198  15:46  SCV x2  
  198  15:47  SCV  
  194  15:51  SCV  
  194  15:52  SCV  
  194  15:55  SCV  
  195  15:58  SCV  
  195  16:00  SCV x2  
Show
View Real Time Build Order
Export as new Build Order

Elazer Zerg 

Build Orders: Hatch First 

Get SALT Encoding   

  12  0:00  Drone  
  13  0:12  Overlord  
  13  0:16  Drone  
  14  0:30  Drone x2  
  16  0:47  Hatchery  
  15  0:50  Drone  
  15  0:54  Drone  
  17  0:57  Drone  
  18  1:07  Extractor  
  17  1:12  Spawning Pool  
  17  1:15  Drone  
  17  1:18  Drone  
  18  1:27  Drone  
  19  1:38  Drone  
  20  1:49  Drone  
  21  1:58  Queen  
  21  1:59  Queen  
  21  2:01  Zergling x4  
  27  2:10  Drone  
  27  2:11  Overlord  
  27  2:12  Metabolic Boost  
  28  2:28  Hatchery  
  28  2:29  Drone  
  28  2:35  Drone x2  
  29  2:41  Queen  
  31  2:45  Drone  
  31  2:47  Drone  
  33  2:51  Overlord  
  33  2:54  Drone  
  33  2:56  Drone  
  35  3:04  Drone  
  35  3:05  Overlord  
  36  3:10  Drone x3  
  39  3:15  Queen  
  41  3:20  Queen  
  41  3:24  Drone  
  41  3:25  Drone  
  45  3:27  Drone  
  45  3:31  Overlord  
  46  3:36  Drone  
  46  3:40  Drone x4  
  51  3:44  Queen  
  53  3:48  Drone x2  
  55  3:55  Queen  
  55  3:56  Overlord  
  55  4:01  Drone x4  
  61  4:03  Drone x2  
  63  4:12  Drone x3  
  63  4:13  Overlord  
  66  4:21  Queen  
  66  4:23  Zergling x4  
  70  4:25  Zergling x4  
  70  4:27  Zergling x4  
  70  4:29  Lair, Overlord  
  74  4:32  Drone x3  
  74  4:35  Drone x2  
  78  4:39  Queen  
  78  4:42  Drone  
  81  4:46  Spore Crawler x2  
  81  4:47  Drone x2  
  81  4:48  Drone x3  
  81  4:50  Extractor  
  81  4:51  Extractor  
  82  4:54  Overlord  
  82  4:57  Spore Crawler  
  81  5:00  Drone x2  
  81  5:01  Drone x3  
  81  5:05  Drone  
  81  5:07  Overlord  
  87  5:08  Drone x2  
  87  5:09  Extractor x2, Drone  
  87  5:12  Drone x4  
  92  5:22  Overlord  
  92  5:24  Zergling x4  
  94  5:29  Overseer  
  94  5:30  Overseer  
  94  5:31  Zergling x4  
  94  5:35  Hatchery  
  95  5:40  Zergling x16  
  96  5:45  Drone, Overlord  
  97  5:50  Hydralisk Den  
  94  5:59  Drone x5  
  94  6:00  Drone  
  100  6:05  Drone  
  100  6:08  Overlord  
  101  6:16  Drone x10  
  108  6:21  Overlord, Grooved Spines  
  108  6:25  Evolution Chamber  
  108  6:26  Hydralisk  
  108  6:27  Hydralisk  
  108  6:29  Evolution Chamber  
  108  6:32  Hydralisk x2  
  110  6:37  Hydralisk  
  116  6:44  Hydralisk x9  
  127  6:53  Overlord  
  118  6:54  Drone x4  
  118  6:57  Drone  
  118  7:00  Zerg Melee Weapons Level 1, Zerg Ground Armor Level 1  
  112  7:07  Hydralisk x3  
  118  7:10  Hydralisk  
  118  7:11  Hydralisk  
  118  7:14  Drone x3  
  118  7:15  Drone  
  126  7:18  Hydralisk  
  128  7:24  Zergling x10  
  128  7:27  Baneling Nest  
  128  7:28  Muscular Augments  
  132  7:36  Drone x7  
  137  7:40  Pneumatized Carapace  
  137  7:41  Overseer  
  129  7:46  Drone x7  
  134  7:52  Drone x5  
  134  7:56  Overseer  
  139  8:03  Zergling x12  
  145  8:07  Spore Crawler  
  145  8:09  Hatchery  
  145  8:10  Extractor  
  145  8:11  Extractor, Spore Crawler  
  140  8:14  Burrow  
  140  8:15  Overlord  
  140  8:19  Centrifugal Hooks  
  137  8:22  Hydralisk x2, Extractor  
  137  8:23  Infestation Pit  
  137  8:26  Zergling x2  
  137  8:27  Zergling x20  
  150  8:36  Zergling x4  
  150  8:38  Overlord x3  
  150  8:41  Baneling x10  
  145  8:51  Zergling x18  
  147  8:58  Spine Crawler  
  147  9:01  Hive  
  147  9:02  Spire  
  145  9:06  Drone x9  
  154  9:13  Baneling x2  
  154  9:14  Baneling x7  
  154  9:22  Overlord  
  154  9:23  Overlord  
  154  9:24  Zerg Melee Weapons Level 2  
  154  9:25  Drone x3  
  154  9:28  Zergling x20  
  167  9:37  Zergling x14  
  169  9:41  Baneling x5  
  169  9:42  Baneling x5  
  169  9:51  Hydralisk x6  
  180  10:00  Zergling x28  
  177  10:08  Hydralisk x2  
  177  10:09  Hydralisk x2  
  184  10:20  Zergling x16  
  176  10:26  Greater Spire  
  176  10:27  Adrenal Glands  
  176  10:28  Zerg Ground Armor Level 2  
  170  10:32  Zergling x32  
  174  10:40  Hydralisk  
  166  10:49  Hydralisk x8  
  165  10:56  Hydralisk x6  
  158  10:57  Zergling x2  
  158  10:58  Zergling x16  
  158  11:01  Zergling x2  
  158  11:02  Zergling x2  
  159  11:07  Hydralisk  
  159  11:11  Zergling x8  
  149  11:12  Queen x4  
  149  11:17  Hydralisk x3  
  162  11:18  Zergling x2  
  162  11:22  Zergling x6  
  165  11:27  Zergling x10  
  170  11:33  Zergling x4  
  165  11:40  Zergling x8  
  165  11:56  Zergling x2  
  165  11:57  Zergling x16  
  151  12:09  Corruptor x7  
  151  12:14  Overlord x2  
  163  12:17  Queen  
  163  12:19  Drone x2  
  163  12:21  Queen  
  167  12:30  Hydralisk x3, Queen x2  
  171  12:38  Overlord  
  171  12:41  Overlord  
  168  12:51  Brood Lord x7  
  168  12:55  Overlord x2  
  182  13:04  Hydralisk x2  
  182  13:05  Zergling x22  
  197  13:17  Overlord  
  197  13:22  Baneling  
  197  13:23  Baneling x23  
  156  13:44  Zergling x44  
  154  13:54  Zergling x10  
  142  13:59  Hydralisk x4  
  142  14:02  Queen x2  
  146  14:06  Hydralisk  
  134  14:14  Zergling x10  
  135  14:21  Zergling x8  
  137  14:25  Queen x4  
  137  14:26  Hydralisk, Queen x2  
  137  14:30  Hydralisk x4  
  147  14:35  Hydralisk  
  149  14:39  Baneling x2  
  149  14:40  Baneling x4  
  149  14:46  Queen x2  
  149  14:47  Hydralisk x2  
  149  14:59  Zergling x2  
  147  15:00  Zergling x16  
  147  15:11  Zergling x16  
  153  15:19  Zergling x14  
  154  15:25  Zergling x4  
  154  15:26  Baneling  
  154  15:27  Baneling x13  
  154  15:28  Overseer  
  156  15:29  Overseer  
  156  15:38  Zergling x10  
  154  15:43  Zergling x8  
  151  15:51  Zergling x8  
  151  15:55  Zergling x2  
  151  15:56  Zergling x2  
Tags
 
Add a new tag
Caveats
  • Supply blocks, unpowered buildings, or Contaminate may cause inaccurate times.
  • Supply counts are checked every 10 seconds.